[Event "Team 45 45 League T41"]
[Site "Internet Chess Club"]
[Date "2009.06.14"]
[Round "6"]
[White "rubo"]
[Black "BotanicalKnight"]
[Result "1-0"]
[WhiteElo "1722"]
[BlackElo "1548"]
[Opening "Bird's opening"]
[ECO "A02"]
[Time "20:01:40"]
[TimeControl "2700+45"]

1. f4 d6 2. Nf3 Bg4 3. e3 e5 4. fxe5 dxe5 5. Nc3 Bc5 6. b3 Nd7 7. Bb2 Qe7 8. h3
Bh5 9. g4 Bg6 10. e4 Ngf6 11. d3 Be3 12. Qe2 Bf4 13. Qf2 h5 14. g5 Nh7 15. Nd5
Qd6 16. Nxf4 exf4 17. O-O-O f6 18. h4 Ne5 19. Bh3 Ng4 20. Bxg4 hxg4 21. e5 Qa6
22. exf6 gxf3 23. Qe1+ Kd8 24. Qe7+ Kc8 25. fxg7 Rg8 26. h5 Bf5 27. Be5 Qc6 28.
g6 Re8 29. gxh7 Bxh7 30. Qf8 b5 31. Qxf4 Kb7 32. Rhf1 Qc5 33. Bb2 a5 34. Qxf3+
Ka7 35. Qf2 Qxf2 36. Rxf2 Kb7 37. Rdf1 a4 38. Kd2 axb3 39. axb3 c5 40. Rf8
{Black resigns} 1-0

[Event "Team 45 45 League T41"]
[Site "Internet Chess Club"]
[Date "2009.06.07"]
[Round "6"]
[White "AtomicDog"]
[Black "chesskix"]
[Result "0-1"]
[WhiteElo "1365"]
[BlackElo "1500"]
[Opening "Caro-Kann: advance variation"]
[ECO "B12"]
[Time "14:00:38"]
[TimeControl "2700+45"]

1. e4 c6 2. d4 d5 3. e5 Bf5 4. Be3 e6 5. c4 Bb4+ 6. Bd2 Qa5 7. Bc3 Ne7 8. a3
Bxc3+ 9. Nxc3 dxc4 10. Bxc4 Nd5 11. Ne2 Nd7 12. b4 Qc7 13. Rc1 N7b6 14. Nxd5
exd5 15. Bb3 a6 16. O-O O-O 17. Nf4 Qd7 18. Qe2 Rae8 19. Rc5 Qe7 20. Re1 Qg5 21.
Qe3 h6 22. Rec1 Nd7 23. R5c3 Nf6 24. f3 Nh5 25. Nxh5 Qxh5 26. g4 Bxg4 27. fxg4
Qxg4+ 28. Qg3 Qxd4+ 29. Re3 Re6 30. Rd1 Qb2 31. Qh3 Rg6+ 32. Rg3 Qxe5 33. Bc2
Rxg3+ 34. hxg3 Qe3+ 35. Kf1 Qf3+ 36. Kg1 Qe2 37. Qg2 Re8 38. Qxe2 Rxe2 39. Bb1
g6 40. Kf1 Re3 41. Kf2 Rxa3 {White resigns} 0-1

[Event "Team 45 45 League T41"]
[Site "Internet Chess Club"]
[Date "2009.06.07"]
[Round "6"]
[White "akdog3"]
[Black "AMAV"]
[Result "1-0"]
[WhiteElo "2244"]
[BlackElo "1970"]
[Opening "English: Neo-Catalan declined"]
[ECO "A14"]
[Time "13:03:10"]
[TimeControl "2700+45"]

1. c4 e6 2. g3 d5 3. Bg2 Nf6 4. Nf3 Be7 5. O-O b6 6. b3 Bb7 7. Bb2 O-O 8. e3 c5
9. Qe2 Nc6 10. d3 Qc7 11. Nc3 dxc4 12. bxc4 Rfd8 13. Rfd1 Rd7 14. d4 cxd4 15.
exd4 Na5 16. Ne5 Rdd8 17. Nb5 Qc8 18. d5 exd5 19. cxd5 Ne8 20. Nxf7 Kxf7 21.
Qh5+ Kg8 22. Bh3 Qc5 23. Be6+ Kh8 24. Qf7 Nf6 25. d6 Rf8 26. Qxe7 Qxb5 27. Bxf6
Rxf6 28. d7 Qc5 29. d8=Q+ Rf8 30. Qxc5 bxc5 31. Qxa5 Rae8 32. Bd5 {Black
resigns} 1-0

[Event "Team 45 45 League T41"]
[Site "Internet Chess Club"]
[Date "2009.06.05"]
[Round "6"]
[White "playwaycool"]
[Black "alexdb"]
[Result "1-0"]
[WhiteElo "2102"]
[BlackElo "1979"]
[Opening "Trompowsky attack (Ruth, Opocenský opening)"]
[ECO "A45"]
[Time "16:32:34"]
[TimeControl "2700+45"]

1. d4 Nf6 2. Bg5 c5 3. Bxf6 gxf6 4. d5 Qb6 5. Qc1 f5 6. e3 Bg7 7. c3 Na6 8. Na3
d6 9. Bb5+ Kf8 10. Ne2 Nc7 11. Bc4 Qa5 12. Qd2 b5 13. Bb3 Qb6 14. Nf4 Bh6 15.
O-O Bb7 16. c4 e5 17. dxe6 fxe6 18. Nxb5 Ke7 19. Nxc7 Qxc7 20. f3 a5 21. Rae1 a4
22. Bc2 Qa5 23. Qf2 Rag8 24. Nh5 Bc6 25. e4 f4 26. e5 d5 27. Nf6 Rg7 28. Ng4 Bg5
29. h4 h5 30. hxg5 hxg4 31. fxg4 Rxg5 32. Qxf4 Rhg8 33. Bh7 R8g7 34. Qf8+ Kd7
35. Qd6+ Kc8 36. Qxc6+ Rc7 37. Rf8# {Black checkmated} 1-0

[Event "Team 45 45 League T41"]
[Site "Internet Chess Club"]
[Date "2009.06.04"]
[Round "6"]
[White "Wheels"]
[Black "Gregorio"]
[Result "0-1"]
[WhiteElo "2012"]
[BlackElo "2025"]
[Opening "Ruy Lopez: Anderssen variation"]
[ECO "C77"]
[Time "22:56:17"]
[TimeControl "2700+45"]

1. e4 e5 2. Nf3 Nc6 3. Bb5 a6 4. Ba4 Nf6 5. d3 b5 6. Bb3 Be7 7. O-O O-O 8. a4
Bb7 9. Re1 d6 10. Nc3 Na5 11. Ba2 b4 12. Ne2 Qd7 13. Ng3 c5 14. h3 Rab8 15. Bd2
Bc6 16. Nf5 c4 17. Bxc4 Nxc4 18. dxc4 Nxe4 19. Nxe7+ Qxe7 20. a5 Qe6 21. b3 Qg6
22. Nh4 Qf6 23. Nf3 Nxd2 24. Nxd2 Qg6 25. f3 f5 26. Qe2 Rbe8 27. Qf2 e4 28. Qb6
exf3 {White resigns} 0-1

[Event "Team 45 45 League T41"]
[Site "Internet Chess Club"]
[Date "2009.06.07"]
[Round "6"]
[White "b-spot"]
[Black "giltar"]
[Result "0-1"]
[WhiteElo "1683"]
[BlackElo "1823"]
[Opening "Old Indian: Janowski variation"]
[ECO "A53"]
[Time "09:00:07"]
[TimeControl "2700+45"]

1. d4 d6 2. c4 Nf6 3. Nc3 Bf5 4. Nf3 Na6 5. Qb3 Rb8 6. g3 g6 7. Bg2 c5 8. a3 Bg7
9. d5 O-O 10. O-O Nc7 11. Re1 Ne4 12. Nh4 Nxc3 13. Nxf5 Nxe2+ 14. Rxe2 gxf5 15.
Bf4 b5 16. Qe3 Bf6 17. cxb5 Nxb5 18. Rb1 Nd4 19. Rd2 Rb3 20. Rd3 Qb6 21. Bh6 Rb8
22. Rxb3 Qxb3 23. Qd2 Qxa3 24. bxa3 Rxb1+ 25. Bf1 Nf3+ {White resigns} 0-1

[Event "Team 45 45 League T41"]
[Site "Internet Chess Club"]
[Date "2009.06.05"]
[Round "6"]
[White "ChessStudent"]
[Black "BadHabitMarco"]
[Result "0-1"]
[WhiteElo "2029"]
[BlackElo "2020"]
[Opening "Réti opening"]
[ECO "A04"]
[Time "16:22:55"]
[TimeControl "2700+45"]

1. Nf3 c5 2. e3 Nf6 3. b3 g6 4. Bb2 Bg7 5. c4 Nc6 6. Be2 d6 7. d4 cxd4 8. exd4
O-O 9. O-O Nh5 10. Nc3 Nf4 11. d5 Ne5 12. Re1 Nxe2+ 13. Qxe2 Bg4 14. h3 Nxf3+
15. gxf3 Bxh3 16. Ne4 Bxb2 17. Qxb2 Qd7 18. Qd2 Bf5 19. Ng3 Rae8 20. Qh6 e5 21.
Kg2 f6 22. Rh1 Rf7 23. Rh2 Ree7 24. Rg1 Rg7 25. Kh1 e4 26. fxe4 Bxe4+ 27. Nxe4
Rxe4 28. f3 Ree7 29. Qf4 f5 30. a4 b6 31. Qd4 Qe8 32. Qf6 Qd7 33. Qc3 Re5 34. a5
bxa5 35. c5 Rxd5 36. Qc4 Qf7 37. Re1 Re5 38. Rxe5 Qxc4 39. Re8+ Kf7 40. bxc4
Kxe8 41. cxd6 Kd7 42. c5 Kc6 43. Rd2 a4 44. Kg2 a3 45. Kg3 a2 46. Rxa2 Kxc5 47.
Kf4 Kxd6 48. Kg5 Ke6 49. Kh6 Rb7 50. f4 Kd5 51. Kg5 Ke4 52. Ra4+ Kd3 53. Ra3+
Kc4 54. Ra4+ Kb5 55. Ra1 a5 56. Rb1+ Kc6 57. Ra1 Ra7 58. Kh6 a4 59. Ra3 Kb5 60.
Ra1 a3 61. Rxa3 Rxa3 62. Kxh7 Ra6 63. Kh6 Kc4 64. Kg5 Kd3 {White resigns} 0-1

[Event "Team 45 45 League T41"]
[Site "Internet Chess Club"]
[Date "2009.06.06"]
[Round "6"]
[White "koni"]
[Black "tc66062"]
[Result "1/2-1/2"]
[WhiteElo "1904"]
[BlackElo "1848"]
[Opening "Queen's pawn game, Darooha variation "]
[ECO "D02"]
[Time "10:00:50"]
[TimeControl "2700+45"]

1. Nf3 d5 2. d4 Nf6 3. c4 Bf5 4. Nc3 e6 5. Qb3 b6 6. cxd5 exd5 7. Bg5 c6 8. e3
Be7 9. Be2 Ne4 10. Bxe7 Qxe7 11. O-O O-O 12. Rfc1 Qb7 13. Nh4 Nxc3 14. Rxc3 Be6
15. Qc2 Rc8 16. Rc1 a6 17. Nf3 f6 18. b4 b5 19. Nd2 Qe7 20. a3 Qd7 21. Bd3 g6
22. Nb3 Qe7 23. Na5 Bd7 24. Qa2 Ra7 25. Nb3 Rcc7 26. Nc5 Be8 27. h3 Qd6 28. Qb3
Nd7 29. Nxd7 Bxd7 30. Rc5 Be8 31. a4 Kg7 32. Ra1 g5 33. axb5 axb5 34. Rac1 h6
35. Qc3 Re7 36. Ra1 Qb8 37. Rxa7 Rxa7 38. g3 Qa8 39. Qd2 Ra2 40. Rc2 Ra3 41. Kg2
Rxd3 42. Qxd3 Bg6 43. Qc3 Be4+ 44. Kh2 Bxc2 45. Qxc2 Qc8 46. Kg2 Qe6 47. Qd3
Qe4+ 48. Qxe4 dxe4 49. g4 Kg6 50. Kg3 f5 51. f4 exf3 52. Kxf3 fxg4+ 53. hxg4 h5
54. gxh5+ Kxh5 55. Kg3 g4 56. e4 Kg5 57. Kg2 Kf4 58. e5 Kf5 59. Kh2 Kg6 60. Kg2
Kf5 61. Kf1 Kg6 62. Ke2 Kg5 63. Kf2 Kg6 64. Ke3 Kf5 65. Kd3 Kg6 66. Ke4 Kg5 67.
Ke3 Kf5 68. Kf2 Kg6 69. Kg2 Kf5 70. Kg3 Kg5 71. Kh2 Kg6 72. Kh1 {Game drawn by
mutual agreement} 1/2-1/2

[Event "Team 45 45 League T41"]
[Site "Internet Chess Club"]
[Date "2009.06.07"]
[Round "6"]
[White "JoePio"]
[Black "Paulkov"]
[Result "0-1"]
[WhiteElo "1922"]
[BlackElo "1901"]
[Opening "KP: Nimzovich defense"]
[ECO "B00"]
[Time "21:00:24"]
[TimeControl "2700+45"]

1. e4 Nc6 2. Nf3 d6 3. Nc3 Nf6 4. Bc4 Bg4 5. d3 e6 6. Be3 d5 7. exd5 Nxd5 8.
Nxd5 exd5 9. Bb5 Qf6 10. Bxc6+ bxc6 11. Bd4 Bxf3 12. Bxf6 Bxd1 13. Bh4 {White
resigns} 0-1

[Event "Team 45 45 League T41"]
[Site "Internet Chess Club"]
[Date "2009.06.07"]
[Round "6"]
[White "SneakyRed"]
[Black "AntMantis"]
[Result "1-0"]
[WhiteElo "1921"]
[BlackElo "1380"]
[Opening "Hungarian defense"]
[ECO "C50"]
[Time "10:02:48"]
[TimeControl "2700+45"]

1. e4 e5 2. Nf3 Nc6 3. Bc4 Be7 4. c3 d6 5. d3 Nf6 6. Nbd2 Bd7 7. Bb3 O-O 8. O-O
b5 9. Re1 Na5 10. Bc2 c5 11. Nf1 Bc6 12. Ng3 Qc7 13. Nf5 d5 14. Nxe7+ Qxe7 15.
exd5 Bxd5 16. Nxe5 Qb7 17. f3 Rfe8 18. Bg5 Re6 19. d4 Rae8 20. Qd2 cxd4 21. cxd4
Nc6 22. Bxf6 Rxf6 23. Qd3 g6 24. Ng4 Rfe6 25. Nf6+ Kf8 26. Nxe8 Kxe8 27. a3 a6
28. Qd2 Qe7 29. Rxe6 Bxe6 30. Re1 Qf6 31. d5 Nd8 32. dxe6 Nxe6 33. Bb3 Kf8 34.
Bxe6 fxe6 35. Qb4+ Kf7 36. Qc3 Qf5 37. Qc7+ Kg8 38. Qc8+ Kf7 39. Qd7+ Kg8 40.
Qxe6+ Qxe6 41. Rxe6 Kf7 42. Rxa6 {Black resigns} 1-0

[Event "Team 45 45 League T41"]
[Site "Internet Chess Club"]
[Date "2009.06.05"]
[Round "6"]
[White "yemisco1"]
[Black "Hominid"]
[Result "1/2-1/2"]
[WhiteElo "1485"]
[BlackElo "1393"]
[Opening "Queen's pawn: Chigorin variation"]
[ECO "D00"]
[Time "14:30:30"]
[TimeControl "2700+45"]

1. d4 d5 2. Nc3 e6 3. a3 Nf6 4. Nf3 Nbd7 5. Bg5 Be7 6. h3 O-O 7. Bxf6 Bxf6 8. e3
a6 9. Bd3 c5 10. O-O c4 11. Be2 Re8 12. Re1 Qc7 13. e4 dxe4 14. Nxe4 b5 15. c3
Bb7 16. Qc2 h6 17. Rad1 Qc6 18. Bf1 Rad8 19. Nxf6+ Nxf6 20. Re5 Rd5 21. Rde1
Rxe5 22. Rxe5 Nd7 23. Re3 Qd5 24. Qe2 Qc6 25. Nd2 Qd5 26. Ne4 e5 27. Qg4 Qe6 28.
Qxe6 Rxe6 29. Nc5 Nxc5 30. dxc5 Bc6 31. f3 f6 32. g4 g5 33. Bg2 Kf7 34. Kf2 Re8
35. Re1 Rd8 36. Re2 Rd5 37. f4 Rxc5 38. Bxc6 Rxc6 39. fxe5 fxe5 40. Rxe5 Rf6+
41. Ke3 Rd6 42. Rf5+ Ke6 43. Rf3 Rd3+ 44. Ke2 Rxf3 45. Kxf3 Ke5 46. Ke3 Kd5 47.
Kf3 Ke5 48. Ke3 Kd5 49. Kf3 Ke5 {Game drawn by repetition} 1/2-1/2

[Event "Team 45 45 League T41"]
[Site "Internet Chess Club"]
[Date "2009.06.06"]
[Round "6"]
[White "nobull"]
[Black "Aquaman"]
[Result "1-0"]
[WhiteElo "1452"]
[BlackElo "1370"]
[Opening "Scandinavian (center counter) defense"]
[ECO "B01"]
[Time "21:30:06"]
[TimeControl "2700+45"]

1. e4 d5 2. exd5 Qxd5 3. Nc3 Qa5 4. d4 c6 5. Bf4 Nf6 6. Bd3 e6 7. Qd2 Bb4 8.
Nge2 Nd5 9. O-O Nxf4 10. Qxf4 Nd7 11. a3 Be7 12. Ne4 O-O 13. Nd6 Qd5 14. Qe4 Nf6
15. Qxd5 cxd5 16. Nxc8 Raxc8 17. Rac1 Bd6 18. f4 a6 19. Rf3 b5 20. Rff1 Nd7 21.
Kh1 f5 22. Rce1 Kf7 23. Ng1 h6 24. Nh3 Nf6 25. g3 Ne4 26. Bxe4 dxe4 27. c3 a5
28. Rc1 Kf6 29. Nf2 a4 30. Nd1 g5 31. fxg5+ hxg5 32. Ne3 Kg6 33. Rc2 f4 34. gxf4
gxf4 35. Rg2+ Kh7 36. Nd1 e3 37. Rf3 Rf6 38. Nxe3 Rg6 39. Rxg6 Kxg6 40. Ng4 Kf5
41. Nf2 Re8 42. Rh3 Rg8 43. Rh5+ Rg5 44. Rxg5+ Kxg5 45. Kg2 Bc7 46. Kf3 Kf5 47.
Nd3 Bd6 48. h4 e5 49. dxe5 Bxe5 50. Nxe5 Kxe5 51. h5 Kf6 52. Kxf4 Kg7 53. Kg5
Kh7 54. h6 Kh8 55. Kg6 Kg8 56. h7+ Kh8 57. Kf6 Kxh7 58. Ke6 Kg6 59. Kd5 Kf5 60.
Kc5 Ke4 61. Kxb5 Kd3 62. Kxa4 Kc2 63. c4 Kxb2 64. c5 {Black resigns} 1-0

[Event "Team 45 45 League T41"]
[Site "Internet Chess Club"]
[Date "2009.06.07"]
[Round "6"]
[White "nozmov"]
[Black "Glassywoman"]
[Result "1-0"]
[WhiteElo "1440"]
[BlackElo "1415"]
[Opening "Bird's opening"]
[ECO "A03"]
[Time "12:30:54"]
[TimeControl "2700+45"]

1. f4 d5 2. Nf3 e6 3. e3 a6 4. b3 Ne7 5. Bb2 Nf5 6. c4 Bb4 7. Qe2 Nc6 8. g3 dxc4
9. bxc4 Be7 10. g4 Bh4+ 11. Nxh4 Qxh4+ 12. Qf2 Qxf2+ 13. Kxf2 Nfe7 14. Rg1 Rg8
15. d4 Bd7 16. Nc3 O-O-O 17. Rd1 Na7 18. Bg2 Bc6 19. d5 exd5 20. cxd5 Bb5 21.
Nxb5 Nxb5 22. a4 Nd6 23. Rc1 Ne8 24. Rgd1 Nf6 25. Bxf6 gxf6 26. h3 Rd6 27. e4
Ng6 28. Kg3 h5 29. gxh5 Nxf4+ 30. Kxf4 Rxg2 31. Rg1 Rh2 32. Rg8+ Kd7 33. Kg3 Ra2
34. h6 Rxa4 35. h7 Rxe4 36. h8=Q Rxd5 37. Rd8+ Ke6 38. Rxd5 Kxd5 39. Qd8+ Ke5
{Black resigns} 1-0

[Event "Team 45 45 League T41"]
[Site "Internet Chess Club"]
[Date "2009.06.07"]
[Round "6"]
[White "Kalar-Yadwa"]
[Black "cobra2008"]
[Result "1-0"]
[WhiteElo "1399"]
[BlackElo "1462"]
[Opening "QGD: 4.Bg5 Nbd7"]
[ECO "D51"]
[Time "14:57:39"]
[TimeControl "2700+45"]

1. d4 d5 2. c4 e6 3. Nc3 Nf6 4. Bg5 Nbd7 5. Nf3 Bb4 6. Qc2 c6 7. cxd5 cxd5 8. a3
Bxc3+ 9. Qxc3 O-O 10. e3 Qb6 11. Nd2 a6 12. Bd3 Kh8 13. O-O h6 14. Bh4 Ne8 15.
Be7 Rg8 16. Qc2 Ndf6 17. Bc5 Qc6 18. Rac1 Bd7 19. Nf3 Qc7 20. Qb3 b5 21. Ne5 Bc6
22. Qb4 g6 23. Be7 a5 24. Qc5 Nd7 25. Qxc6 Nxe5 26. Qxa8 Qxe7 27. dxe5 Ng7 28.
Qxa5 Qg5 29. Qxb5 Qxe5 30. Rc3 h5 31. Rfc1 Nf5 32. Rc8 Nxe3 33. Rxg8+ Kxg8 34.
Rc8+ Kg7 35. fxe3 Qxe3+ 36. Kf1 Qf4+ 37. Ke1 Qe3+ 38. Be2 Qg1+ 39. Bf1 Qe3+ 40.
Qe2 Qb6 41. Qe5+ f6 42. Qc7+ Qxc7 43. Rxc7+ Kh6 44. a4 e5 45. a5 e4 46. a6 d4
47. a7 d3 48. a8=Q f5 49. h4 d2+ 50. Kxd2 e3+ 51. Kxe3 f4+ 52. Kf2 f3 53. Qh8#
{Black checkmated} 1-0

[Event "Team 45 45 League T41"]
[Site "Internet Chess Club"]
[Date "2009.06.06"]
[Round "6"]
[White "mongmong"]
[Black "budugu"]
[Result "1-0"]
[WhiteElo "1620"]
[BlackElo "1537"]
[Opening "King's Indian: East Indian defense"]
[ECO "A48"]
[Time "00:15:31"]
[TimeControl "2700+45"]

1. d4 Nf6 2. Nf3 g6 3. e3 Bg7 4. c4 d6 5. b4 O-O 6. a4 c5 7. b5 b6 8. Bb2 cxd4
9. exd4 Bg4 10. Be2 Nbd7 11. O-O Rc8 12. Na3 d5 13. Qb3 dxc4 14. Bxc4 Ne4 15.
Rad1 Nd6 16. Be2 e6 17. h3 Bf5 18. Bd3 Nf6 19. Bxf5 Nxf5 20. Ne5 Nd5 21. Nc6 Qc7
22. Rc1 Nfe7 23. Nb1 Nxc6 24. Rxc6 Qf4 25. Rxc8 Rxc8 26. Rd1 Qg5 27. Qg3 Qxg3
28. fxg3 Rc4 29. Rc1 Rxc1+ 30. Bxc1 Bxd4+ 31. Kf1 Nc3 32. Nxc3 Bxc3 33. Ke2 Kf8
34. Kd3 Be5 35. g4 Ke7 36. Ke4 Kd6 37. Ba3+ Kd7 38. Bf8 Bd6 39. Bg7 Ba3 40. Be5
Bd6 41. Bg7 f5+ 42. gxf5 exf5+ 43. Kd5 Bf4 44. Be5 Bd2 45. Bb8 h5 46. Ke5 Bg5
47. Bxa7 Bd8 48. Bb8 Be7 49. Kd5 g5 50. Be5 Bb4 51. Bd4 Ba5 52. Ke5 g4 53. Kxf5
gxh3 54. gxh3 Be1 55. Bxb6 h4 56. Bc5 Kc7 57. Ke6 Kc8 58. Kd6 Kb7 59. Kd5 Ba5
60. Kc4 Kc7 61. Bf2 Kd6 62. Bxh4 Ke5 63. Bg5 Kf5 64. h4 Kg6 65. Kc5 Kh5 66. Kc6
Kg4 67. b6 {Black resigns} 1-0

[Event "Team 45 45 League T41"]
[Site "Internet Chess Club"]
[Date "2009.06.07"]
[Round "6"]
[White "alaskauk"]
[Black "ticopatzer"]
[Result "1-0"]
[WhiteElo "1525"]
[BlackElo "1523"]
[Opening "Robatsch (modern) defense"]
[ECO "B06"]
[Time "11:00:13"]
[TimeControl "2700+45"]

1. e4 g6 2. Nc3 Bg7 3. Nf3 d6 4. Bc4 Nf6 5. h3 a6 6. d4 c5 7. dxc5 Qa5 8. O-O
Qxc5 9. Bd3 O-O 10. Be3 Qc7 11. Qd2 b5 12. Rab1 Bb7 13. a3 Nbd7 14. Bg5 Rfc8 15.
Rfe1 Qa5 16. Ra1 Qb6 17. Be3 Qc7 18. Bh6 Nc5 19. Bxg7 Kxg7 20. Qe3 Ncd7 21. Rad1
Qc5 22. e5 Qxe3 23. exf6+ Nxf6 24. Rxe3 {Black resigns} 1-0

[Event "Team 45 45 League T41"]
[Site "Internet Chess Club"]
[Date "2009.06.04"]
[Round "6"]
[White "cobbler"]
[Black "malihini"]
[Result "0-1"]
[WhiteElo "1284"]
[BlackElo "1256"]
[Opening "Réti opening"]
[ECO "A04"]
[Time "16:00:57"]
[TimeControl "2700+45"]

1. Nf3 Nc6 2. g3 e5 3. d3 d5 4. Bg2 Nf6 5. O-O Bc5 6. Nbd2 Bg4 7. e4 Qd7 8. Qe1
d4 9. Nc4 Qe6 10. a4 O-O 11. c3 Rad8 12. b4 dxc3 13. Qxc3 Bd4 14. Qa3 Bxa1 15.
Qxa1 Rxd3 16. Nfxe5 Rd1 17. Ne3 Rxf1+ 18. Bxf1 Qxe5 19. Qxe5 Nxe5 20. Bb2 Re8
21. Bb5 c6 22. Bf1 Nf3+ 23. Kg2 Ne1+ 24. Kg1 Rxe4 25. Nxg4 Rxg4 26. Bh3 Rxb4 27.
Bc8 Rxb2 {White resigns} 0-1

[Event "Team 45 45 League T41"]
[Site "Internet Chess Club"]
[Date "2009.06.03"]
[Round "6"]
[White "PsyMar"]
[Black "farbror"]
[Result "0-1"]
[WhiteElo "1104"]
[BlackElo "1248"]
[Opening "Scotch: Schmidt variation"]
[ECO "C45"]
[Time "15:59:34"]
[TimeControl "2700+45"]

1. e4 e5 2. Nf3 Nc6 3. d4 exd4 4. Nxd4 Nf6 5. Nc3 Bb4 6. Nxc6 bxc6 7. Bg5 Bxc3+
8. bxc3 d5 9. e5 Qe7 10. Qe2 h6 11. exf6 Qxe2+ 12. Bxe2 hxg5 13. fxg7 Rg8 14. h4
Rxg7 15. hxg5 Rxg5 16. Rh8+ Ke7 17. Kf1 a5 18. a4 Kd7 19. f4 Rg6 20. Bh5 Ba6+
21. c4 Bxc4+ 22. Be2 Bxe2+ 23. Kxe2 Rxh8 24. f5 Rxg2+ 25. Kf3 Rxc2 26. f6 Rh6
27. Ke3 Rxf6 28. Kd3 Rc4 29. Ra3 Rf3+ 30. Kd2 Rxa3 31. Kd1 Rh4 32. Kc2 Rh2+ 33.
Kb1 Rg3 34. Kc1 Rg1# {White checkmated} 0-1

[Event "Team 45 45 League T41"]
[Site "Internet Chess Club"]
[Date "2009.06.05"]
[Round "6"]
[White "EyeAm"]
[Black "noblitz-oblige"]
[Result "0-1"]
[WhiteElo "1481"]
[BlackElo "1660"]
[Opening "Giuoco Piano"]
[ECO "C54"]
[Time "14:00:11"]
[TimeControl "2700+45"]

1. e4 e5 2. Nf3 Nc6 3. Bc4 Bc5 4. c3 Nf6 5. d4 exd4 6. cxd4 Bb4+ 7. Bd2 Nxe4 8.
Bxb4 Nxb4 9. Qb3 Qe7 10. O-O d5 11. Bxd5 Nxd5 12. Qxd5 c6 13. Qe5 Qxe5 14. dxe5
O-O 15. Re1 Nc5 16. Re3 Bg4 17. Nc3 Rad8 18. Rd1 Ne6 19. Red3 h6 20. h3 Bf5 21.
Rd7 Rxd7 22. Rxd7 Nc5 23. Rd6 Re8 24. Nd1 Be4 {White forfeits on time} 0-1

[Event "Team 45 45 League T41"]
[Site "Internet Chess Club"]
[Date "2009.06.06"]
[Round "6"]
[White "chesskix"]
[Black "guyd52"]
[Result "1/2-1/2"]
[WhiteElo "1489"]
[BlackElo "1367"]
[Opening "King's Indian: 6.Be2"]
[ECO "E91"]
[Time "18:00:07"]
[TimeControl "2700+45"]

1. e4 g6 2. d4 d6 3. c4 Nf6 4. Nc3 Bg7 5. Nf3 O-O 6. Be2 Nbd7 7. O-O c6 8. Be3
e5 9. d5 cxd5 10. cxd5 b6 11. Bg5 h6 12. Bxf6 Nxf6 13. Rc1 a6 14. Bd3 b5 15. a3
h5 16. Ne2 Bd7 17. Ne1 Rc8 18. Nc2 Bh6 19. Rb1 a5 20. h3 Qb6 21. Nc3 Ne8 22. Kh1
Rc5 23. Ne1 Qd8 24. Nf3 Nc7 25. Qe1 a4 26. b4 axb3 27. Rxb3 Qc8 28. Qe2 Bxh3 29.
gxh3 Qxh3+ 30. Kg1 Qg4+ 31. Kh1 Qh3+ 32. Kg1 Qg4+ {Game drawn by mutual
agreement} 1/2-1/2

[Event "Team 45 45 League T41"]
[Site "Internet Chess Club"]
[Date "2009.06.05"]
[Round "6"]
[White "wekabird"]
[Black "dondel"]
[Result "0-1"]
[WhiteElo "1282"]
[BlackElo "1349"]
[Opening "English opening"]
[ECO "A10"]
[Time "20:00:09"]
[TimeControl "2700+45"]

1. c4 d5 2. cxd5 Qxd5 3. Nc3 Qa5 4. d3 e5 5. e4 Bb4 6. Bd2 Nf6 7. a3 Bd6 8. Nd5
Qb5 9. Nxf6+ gxf6 10. Rb1 O-O 11. h3 Be6 12. Nf3 Bb3 13. Qc1 Re8 14. d4 Qa4 15.
d5 Qxe4+ 16. Be2 Bc4 17. Be3 Bxe2 18. Kxe2 Qxd5 19. b3 e4 20. Nd2 Qd3+ 21. Kd1
Nc6 22. Qc4 Bxa3 23. Qxd3 exd3 24. Nc4 Bb4 25. Nb2 Rad8 26. Nc4 Kf8 27. Bd2 Bxd2
28. Nxd2 Re2 29. Rf1 Ke7 30. Re1 Nd4 31. Rxe2+ dxe2+ 32. Ke1 Rg8 33. Nf3 Nxf3+
34. Kxe2 Ne5 35. g3 Ke6 36. Rc1 Nc6 37. Rc4 Kd5 38. Rf4 Nd4+ 39. Kd3 Nxb3 40.
Rxf6 Nc5+ 41. Ke2 Rg7 42. Rf5+ Kd4 43. Rf4+ Ke5 44. Rf3 Ne4 45. Re3 Kd5 46. Rd3+
Ke5 47. f4+ Kf5 48. Rd5+ Kf6 49. Rd7 Rxg3 50. Rxc7 Nd6 51. Rc5 Rxh3 52. Rd5 Nf5
53. Re5 b6 54. Rd5 Re3+ 55. Kf2 Rc3 56. Rd7 a6 57. Ra7 Ra3 58. Rc7 Ne7 59. Rc1
h6 60. Rh1 Nf5 61. Rc1 Ra2+ 62. Kf3 Ra3+ 63. Ke4 Ke6 64. Rc6+ Nd6+ 65. Kd4 Ra4+
66. Ke3 Kd5 67. Rc7 Ra3+ 68. Kf2 Ke4 69. Rd7 Rd3 70. Ke2 Re3+ 71. Kd2 Nc4+ 72.
Kc2 Re2+ 73. Kc3 b5 74. Rd4+ Kf3 75. f5 Re3+ 76. Kb4 h5 77. f6 Re4 78. Rd6 Nxd6+
{White resigns} 0-1

[Event "Team 45 45 League T41"]
[Site "Internet Chess Club"]
[Date "2009.06.07"]
[Round "6"]
[White "blkmagic"]
[Black "WilmaP"]
[Result "1/2-1/2"]
[WhiteElo "1278"]
[BlackElo "1218"]
[Opening "French: exchange variation"]
[ECO "C01"]
[Time "13:00:07"]
[TimeControl "2700+45"]

1. e4 e6 2. d4 d5 3. exd5 exd5 4. c4 Nf6 5. Nc3 Bb4 6. Bd2 c6 7. Qe2+ Be6 8.
cxd5 cxd5 9. Qb5+ Nc6 10. Qxb7 Bd7 11. Qb5 O-O 12. Be2 Nxd4 13. Qd3 Bc5 14. Bg5
Bf5 15. Bxf6 Qxf6 16. Qd2 Nc2+ 17. Kf1 Be4 18. Nf3 Nxa1 19. Nxd5 Bxd5 20. Qxd5
Bb6 21. g3 Rad8 22. Qc4 Qxb2 23. Kg2 Nc2 24. Bd3 Nb4 25. Bxh7+ Kh8 26. Qh4 Qxf2+
27. Kh3 Rd4 28. Nxd4 Qxd4 29. Qh5 Qd7+ 30. g4 Qd3+ 31. Kh4 Qxh7 32. Qxh7+ Kxh7
33. Rd1 Bf2+ 34. Kh3 f5 35. Rd7 Nxa2 36. gxf5 Nc3 37. Rd3 Ne4 38. Kg4 Bg1 39.
Rh3+ Kg8 40. Kf4 Nf2 41. Rh4 g6 42. Rh6 Rxf5+ 43. Kg3 Kg7 44. Rh4 Rd5 45. Kg2
Rg5+ 46. Kf1 Nd3 47. h3 Ne5 48. Re4 Nf3 49. Rg4 Be3 50. Ke2 Ng1+ 51. Kxe3 Nxh3
52. Ra4 Rg3+ 53. Ke2 Kh6 54. Rxa7 Kg5 55. Ra4 Nf4+ 56. Kf2 Kg4 57. Re4 g5 58.
Re5 Rg2+ 59. Kf1 Rh2 60. Kg1 Rc2 61. Re3 Rc1+ 62. Kf2 Nh3+ 63. Kg2 Nf4+ 64. Kf2
Rc2+ 65. Kf1 Rc1+ 66. Kf2 Nd5 67. Rg3+ Kf5 68. Rf3+ Nf4 69. Kg3 Rg1+ 70. Kf2
Rg2+ 71. Ke3 Re2+ 72. Kd4 Kg6 73. Rg3 Rg2 74. Rf3 Rd2+ 75. Ke3 Rd3+ 76. Kf2 g4
77. Rg3 Rd2+ 78. Ke3 Rd3+ 79. Kxf4 Rxg3 80. Kxg3 Kg5 81. Kg2 Kf4 82. Kf2 g3+ 83.
Kg2 Kg4 84. Kg1 Kh3 85. Kh1 Kg4 86. Kg1 Kf3 87. Kf1 Ke3 88. Kg1 Kf3 89. Kf1 Ke3
90. Kg1 Ke2 91. Kg2 Ke1 92. Kxg3 {Game drawn because neither player has mating
material} 1/2-1/2

[Event "Team 45 45 League T41"]
[Site "Internet Chess Club"]
[Date "2009.06.06"]
[Round "6"]
[White "Krumpy"]
[Black "houseofcook"]
[Result "1/2-1/2"]
[WhiteElo "1523"]
[BlackElo "1410"]
[Opening "French: Tarrasch, closed variation"]
[ECO "C05"]
[Time "12:02:26"]
[TimeControl "2700+45"]

1. e4 e6 2. d4 d5 3. Nd2 Nf6 4. Bb5+ Nfd7 5. Ngf3 a6 6. Ba4 b5 7. Bb3 Bb7 8.
exd5 Bxd5 9. c3 c5 10. Bxd5 exd5 11. O-O Nc6 12. dxc5 Nxc5 13. Nb3 Ne4 14. Nfd4
Rc8 15. Re1 Be7 16. Qg4 O-O 17. Bh6 Bg5 18. Bxg5 Nxg5 19. h4 Ne4 20. Nf5 g6 21.
Nh6+ Kh8 22. Rad1 Nf6 23. Qg3 Ne4 24. Rxe4 Qf6 25. Ng4 Qf5 26. Ree1 Qc2 27. Nd4
Qxb2 28. Nxc6 Rxc6 29. Rxd5 Qxc3 30. Qxc3+ Rxc3 31. Red1 Ra3 32. R1d2 Kg7 33.
Ne3 Rc8 34. g3 b4 35. R5d3 Ra5 36. Rb3 Rb5 37. a4 Rb7 38. Rd4 a5 39. Rc4 Rd8 40.
Rc5 Ra7 41. Nc4 Rd1+ 42. Kg2 Ra1 43. Rxa5 Rxa5 44. Nxa5 Rxa4 45. Nc6 h5 46. Rxb4
Ra6 47. Nd4 Ra8 48. Rb7 Ra6 49. Nf3 Rf6 50. Ng5 Kg8 51. Rb3 Rc6 52. Rf3 Rc7 53.
Rd3 Kg7 54. Kh3 Re7 55. f3 f6 56. Ne4 Rf7 57. g4 hxg4+ 58. fxg4 Re7 59. Ng3 Kh6
60. h5 Re6 61. hxg6 Kxg6 62. Nf5 Kg5 63. Kg3 Ra6 64. Kf3 Ra4 65. Ne3 Rf4+ 66.
Kg3 Re4 67. Rd5+ Kg6 68. Kf3 Ra4 69. Nc2 Rc4 70. Nd4 Rc1 71. Ne2 Rf1+ 72. Kg3
Ra1 73. Nf4+ Kh6 74. Rd6 Kg5 75. Ne6+ Kg6 76. Nf4+ Kg5 77. Rd5+ Kh6 78. Rh5+ Kg7
79. Ne6+ Kf7 80. Nd4 Ra3+ 81. Kf4 Ra4 82. Rd5 Kg6 83. Ke4 Rb4 84. Rb5 Ra4 85.
Rf5 Ra1 86. Kd5 Rg1 87. Ke6 Rxg4 88. Rxf6+ Kh5 89. Nf5 Kg5 90. Nh6 Re4+ 91. Kf7
Rf4 92. Rxf4 Kxf4 {Game drawn because neither player has mating material}
1/2-1/2